 Dungeon Crawl Stone Soup version 0.32-a0-13-gbaedc5810e (webtiles) character file.

Game seed: 5890894397098718381

3421 Essalna the Geomancer (level 10, -1/60 HPs)
             Began as a Gargoyle Earth Elementalist on Jan 15, 2024.
             Was a Priest of Vehumet.
             Slain by a gnoll
             ... wielding a +0 halberd
              (13 damage)
             ... in a bailey.
             The game lasted 00:12:40 (6020 turns).

Essalna the Geomancer (Gargoyle Earth Elementalist) Turns: 6020, Time: 00:12:41

Health: -1/60      AC: 11    Str: 12    XL:     10   Next: 5%
Magic:  12/16      EV: 13    Int: 26    God:    Vehumet [***...]
Gold:   349        SH:  0    Dex: 12    Spells: 13/17 levels left

rFire   . . .        i - +1 whip (elec)
rCold   . . .        (no shield)
rNeg    + . .        a - +1 robe
rPois   ∞            w - +0 helmet of Lies {Dex+2}
rElec   +            (no cloak)
rCorr   .            (no gloves)
SInv    .            (no boots)
Will    +....        (no amulet)
Stlth   ++           q - ring of willpower
HPRegen 0.30/turn    m - +6 ring of intelligence
MPRegen 0.15/turn

%: no passive effects
@: no status effects
A: sickness immunity, AC +7, negative energy resistance 1, electricity
resistance, torment resistance 1, petrification resistance
a: Renounce Religion


You were in a bailey.
You worshipped Vehumet.
Vehumet was most pleased with you.
You visited 1 branch of the dungeon, and saw 7 of its levels.
You also visited: Bailey.

You collected 349 gold pieces.

Inventory:

Hand Weapons
 i - a +1 whip of electrocution (weapon)
 t - a +0 whip of venom
Missiles
 A - 5 throwing nets
Armour
 a - a +1 robe (worn)
 w - the +0 helmet of Lies (worn) {Dex+2}
   (You found it on level 5 of the Dungeon)

   Dex+2:     It affects your dexterity (+2).
Jewellery
 f - a +4 ring of slaying
 m - a +6 ring of intelligence (right hand)
 q - a ring of willpower (left hand)
Wands
 x - a wand of quicksilver (9)
 y - a wand of mindburst (16)
Scrolls
 d - 6 scrolls of teleportation
 n - 2 scrolls of enchant weapon
 u - a scroll of enchant armour
Potions
 b - a potion of magic
 c - a potion of attraction
 e - 2 potions of invisibility
 h - 2 potions of enlightenment
 j - 3 potions of degeneration
 k - 2 potions of curing
 r - a potion of cancellation
 v - 2 potions of resistance
 z - a potion of might
 B - a potion of brilliance
 D - a potion of haste


   Skills:
 + Level 5.8 Fighting
 + Level 5.7 Armour
 + Level 4.7 Dodging
 - Level 2.1 Stealth
 - Level 4.0 Spellcasting
 + Level 7.3 Conjurations
 + Level 8.8 Earth Magic


You had 13 spell levels left.
You knew the following spells:

 Your Spells              Type           Power      Damage    Failure   Level
a - Sandblast             Erth           100%       2d20      1%          1
b - Stone Arrow           Conj/Erth      94%        3d12      1%          3

Your spell library contained the following spells:

 Spells                   Type           Power      Damage    Failure   Level
 Frozen Ramparts          Ice            10%        1d2       7%          3
 Magic Dart               Conj           100%       1d8       1%          1
 Dazzling Flash           Conj/Hex       48%        N/A       1%          3
 Passwall                 Erth           50%        N/A       1%          3
 Brom's Barrelling Bould  Conj/Erth      47%        2d6       1%          4
 Mephitic Cloud           Conj/Alch/Air  18%        N/A       2%          3
 Blink                    Tloc           10%        N/A       13%         2
 Call Imp                 Summ           10%        N/A       13%         2
 Ensorcelled Hibernation  Hex/Ice        10%        N/A       13%         2
 Petrify                  Alch/Erth      28%        N/A       14%         4
 Swiftness                Air            5%         N/A       26%         3
 Curse of Agony           Necr           5%         N/A       93%         5
 Silence                  Hex/Air        2%         N/A       93%         5
 Summon Hydra             Summ           2%         N/A       100%        7
 Sublimation of Blood     Necr           Unusable   N/A       N/A         2

Dungeon Overview and Level Annotations

Branches:
Dungeon (7/15)             Temple (0/1) D:5          Bailey (1/1)

Altars:
Ashenzari
Kikubaaqudgha
Nemelex Xobeh
Vehumet
Xom
Zin


Innate Abilities, Weirdness & Mutations

You are immune to sickness and miasma.
Your stone body is resilient. (AC +7)
You are immune to poison.
You resist negative energy. (rN+)
You are resistant to electric shocks. (rElec)
You are resistant to unholy torment.
You are immune to petrification.


Message History

Press: ? - help, Shift-Dir - straight line, f/p - gnoll sergeant
Aim: a gnoll sergeant, wielding a +0 halberd and wearing a +0 chain mail (almost dead, 91% to hit)
The blast of sand hits the gnoll sergeant but does no damage.
The gnoll sergeant is almost dead.
The gnoll sergeant hits you from afar with a +0 halberd.
Casting: Sandblast (safe; 1% risk of failure)
Confirm with . or Enter, or press ? or * to list all spells.
Aiming: Sandblast (safe; 1% risk of failure)
Press: ? - help, Shift-Dir - straight line, f/p - gnoll sergeant
Aim: a gnoll sergeant, wielding a +0 halberd and wearing a +0 chain mail (almost dead, 91% to hit)
The blast of sand hits the gnoll sergeant but does no damage.
The gnoll sergeant is almost dead.
The gnoll sergeant hits you from afar with a +0 halberd.
The gnoll sergeant barely misses you.
Casting: Sandblast (safe; 1% risk of failure)
Confirm with . or Enter, or press ? or * to list all spells.
Aiming: Sandblast (safe; 1% risk of failure)
Press: ? - help, Shift-Dir - straight line, f/p - gnoll sergeant
Aim: a gnoll sergeant, wielding a +0 halberd and wearing a +0 chain mail (almost dead, 91% to hit)
The blast of sand misses the gnoll sergeant.
The blast of sand hits the gnoll but does no damage.
The gnoll sergeant hits you from afar with a +0 halberd!
* * * LOW HITPOINT WARNING * * *
Casting: Sandblast (safe; 1% risk of failure)
Confirm with . or Enter, or press ? or * to list all spells.
Aiming: Sandblast (safe; 1% risk of failure)
Press: ? - help, Shift-Dir - straight line, f/p - gnoll sergeant
Aim: a gnoll sergeant, wielding a +0 halberd and wearing a +0 chain mail (almost dead, 91% to hit)
The blast of sand hits the gnoll sergeant!
You kill the gnoll sergeant!
Vehumet accepts your kill.
You feel your power returning. The gnoll barely misses you.
Casting: Sandblast (safe; 1% risk of failure)
Confirm with . or Enter, or press ? or * to list all spells.
Aiming: Sandblast (safe; 1% risk of failure)
Press: ? - help, Shift-Dir - straight line, f - gnoll
Aim: a gnoll, wielding a +0 halberd and wearing a +0 chain mail (91% to hit)
The blast of sand hits the gnoll but does no damage.
The gnoll hits you from afar with a +0 halberd!
You die...

♣♣≈≈...# ♣.≈..#
♣♣.≈..# ♣♣..≈..#
♣...≈..# #
♣...≈..# ##
♣♣...≈..######.
#♣♣♣..)....'...#..
#@.gg......'...)).
#♣♣♣.......'...#..
♣♣...≈..######.
♣♣..≈..# ##
♣..≈..# # ♣..≈..#
♣♣.≈..# ♣.≈..###
♣♣≈≈...#


You could see 2 gnolls.

Vanquished Creatures
  2 black bears
  A water moccasin (D:7)
  Duvessa (D:7)
  A sky beast (D:6)
  3 ice beasts
  A wolf (Bailey)
  An ogre (D:5)
  2 centaurs
  A phantom (D:5)
  A bullfrog (D:7)
  2 kobold brigands (D:6)
  4 scorpions
  3 gnoll sergeants (Bailey)
  9 wights
  Dowan (D:7)
  4 bombardier beetles
  An orc priest (D:6)
  2 jellies
  5 hounds
  3 gnoll boudas (Bailey)
  3 sleepcaps (D:5)
  Jessica (D:3)
  Ijyb (D:5)
  Terence (D:2)
  4 iguanas (D:5)
  3 orc wizards
  Robin (D:5)
  3 adders
  20 gnolls
  A white imp (D:7)
  2 ribbon worms
  19 orcs
  3 ball pythons
  6 bats
  9 endoplasms
  6 giant cockroaches
  8 goblins
  3 hobgoblins
  3 quokkas
  6 frilled lizards
  18 kobolds
  7 rats
176 creatures vanquished.

Vanquished Creatures (others)
  2 goblins (D:5)
2 creatures vanquished.

Grand Total: 178 creatures vanquished

Notes
Turn   | Place    | Note
-------+----------+-------------------------------------------
     0 | D:1      | Essalna the Gargoyle Earth Elementalist began the quest for
                  | the Orb.
     0 | D:1      | Reached XP level 1. HP: 10/10 MP: 3/3
   173 | D:1      | Reached XP level 2. HP: 15/15 MP: 3/5
   421 | D:1      | Reached skill level 4 in Earth Magic
   665 | D:1      | Reached XP level 3. HP: 19/19 MP: 3/6
  1239 | D:2      | Noticed Terence
  1253 | D:2      | Killed Terence
  1334 | D:2      | Reached XP level 4. HP: 18/24 MP: 2/8
  1756 | D:2      | Learned a level 3 spell: Stone Arrow
  2004 | D:3      | Found a glowing silver altar of Zin.
  2004 | D:3      | Found a radiant altar of Vehumet.
  2013 | D:3      | Reached XP level 5. HP: 17/28 MP: 5/9
  2019 | D:3      | Became a worshipper of Vehumet
  2158 | D:3      | Found a sparkling altar of Nemelex Xobeh.
  2302 | D:3      | Reached skill level 5 in Earth Magic
  2440 | D:3      | Noticed Jessica
  2441 | D:3      | Killed Jessica
  2854 | D:4      | Found a broken altar of Ashenzari.
  2874 | D:4      | Reached XP level 6. HP: 32/32 MP: 8/11
  3157 | D:4      | Noticed a black bear
  3159 | D:4      | Killed a black bear
  3226 | D:4      | Reached * piety under Vehumet
  3226 | D:4      | Offered knowledge of Sting by Vehumet.
  3447 | D:5      | Entered Level 5 of the Dungeon
  3467 | D:5      | Reached XP level 7. HP: 37/37 MP: 9/13
  3530 | D:5      | Reached skill level 1 in Fighting
  3530 | D:5      | Reached skill level 1 in Armour
  3530 | D:5      | Reached skill level 6 in Earth Magic
  3683 | D:5      | Found a staircase to the Ecumenical Temple.
  3864 | D:5      | Reached skill level 5 in Conjurations
  3864 | D:5      | Reached XP level 8. HP: 44/45 MP: 8/14
  3958 | D:5      | Noticed Ijyb
  3958 | D:5      | Identified the +0 helmet of Lies {Dex+2}
  3958 | D:5      | Noticed Robin
  3985 | D:5      | Killed Ijyb
  3986 | D:5      | Killed Robin
  4632 | D:5      | Found a shimmering altar of Xom.
  4709 | D:6      | Offered knowledge of Kiss of Death by Vehumet.
  4720 | D:6      | Reached skill level 7 in Earth Magic
  4755 | D:6      | Reached ** piety under Vehumet
  4887 | D:6      | Reached XP level 9. HP: 50/52 MP: 6/15
  5316 | D:7      | Reached skill level 8 in Earth Magic
  5326 | D:7      | Offered knowledge of Searing Ray by Vehumet.
  5373 | D:7      | Reached skill level 5 in Fighting
  5381 | D:7      | Noticed Duvessa
  5385 | D:7      | Killed Duvessa
  5385 | D:7      | Noticed Dowan
  5386 | D:7      | Reached skill level 5 in Armour
  5392 | D:7      | Killed Dowan
  5447 | D:7      | Found an ancient bone altar of Kikubaaqudgha.
  5636 | D:7      | Found a flagged portal.
  5639 | D:7      | Reached *** piety under Vehumet
  5650 | Bailey   | Entered a bailey
  5880 | Bailey   | Offered knowledge of Frozen Ramparts by Vehumet.
  5926 | Bailey   | Reached XP level 10. HP: 56/60 MP: 10/16
  5993 | Bailey   | HP: 3/60 [gnoll/+0 halberd (2)]
  6020 | Bailey   | Slain by a gnoll

Illustrated notes

Levels and vault maps discovered:
D:1:      spicycebolla_arrival_ecumenical, layout_loops_ring, minivault_27
D:2:      layout_loops_corners, minmay_fractal_squares_gapless_5, uniq_terence
D:3:      layout_rooms, nemelex_xobeh_ov_fountains_minmay, jmf_multi_god_temple,
          uniq_jessica
D:4:      layout_loops_ring, nicolae_ashenzari_skybound
D:5:      layout_loops_ring, kennysheep_mini, minmay_temple_entry_junction,
          nicolae_goblin_pals
D:6:      layout_rooms
D:7:      layout_cave_pools, enter_bailey_7, roadster_capsule_ark_zombie,
          uniq_duvessa
Bailey:   bailey_polearm_gnolls_kennysheep, bailey

Skill      XL: |  1  2  3  4  5  6  7  8  9 |
---------------+----------------------------+-----
Earth Magic    | 4 5 6 7 8 |  8.8
Conjurations   | 2 3 4 5 6 7 |  7.3
Spellcasting   | 3 4 |  4.0
Fighting       | 2 4 5 |  5.8
Armour         | 2 4 5 |  5.7
Dodging        | 2 3 4 |  4.7
Stealth        | |  2.1

Action                     |  1- 3 |  4- 6 |  7- 9 | 10-12 || total
---------------------------+-------+-------+-------+-------++-------
  Melee: Dagger            |    10 |       |       |       ||    10
         Unarmed           |     4 |       |       |       ||     4
         Punch             |     2 |       |       |       ||     2
         Whip              |    16 |     2 |    15 |       ||    33
   Cast: Sandblast         |    29 |    64 |   168 |    15 ||   276
  Evoke: Wand              |       |       |       |     1 ||     1
    Use: Potion            |     2 |     1 |       |     1 ||     4
         Scroll            |       |       |    15 |     1 ||    16
 Armour: Robe              |    14 |     7 |    50 |    19 ||    90
  Dodge: Dodged            |    27 |     8 |    39 |    15 ||    89

Table legend: (Time is in decaauts)
 A = Elapsed time spent in this place.
 B = Non-inter-level travel time spent in this place.
 C = Inter-level travel time spent in this place.
 D = Time resting spent in this place.
 E = Time spent auto-exploring this place.
 F = Levels seen in this place.
 G = Mean time per level.
                   A        B        C        D        E       F      G
               +--------+--------+--------+--------+--------+-----+--------+
         Total |   6156 |   5679 |    477 |     94 |   4566 |   8 |  769.5 |
       Dungeon |   5765 |   5288 |    477 |     92 |   4321 |   7 |  823.6 |
        Bailey |    390 |    390 |      0 |      2 |    245 |   1 |  390.0 |
               +--------+--------+--------+--------+--------+-----+--------+

Top non-repeatable levels by time:
     D:5: 1265 daAuts
     D:2: 967 daAuts
     D:1: 896 daAuts
     D:3: 815 daAuts
     D:4: 812 daAuts
     D:6: 594 daAuts
     D:7: 414 daAuts
  Bailey: 390 daAuts
